 Dungeon Crawl Stone Soup version 0.28-a0-750-g7c675f85b1 (webtiles) character file.

Game seed: 13383578625942746232

30 ytrimaz the Chopper (level 3, 28/28 HPs)
             Began as a Demonspawn Gladiator on Oct 29, 2021.
             Quit the game on level 1 of the Dungeon.
             The game lasted 00:01:37 (695 turns).

ytrimaz the Chopper (Demonspawn Gladiator)           Turns: 695, Time: 00:01:38

Health: 28/28      AC:  6    Str: 15    XL:     3   Next: 3%
Magic:  3/3        EV: 12    Int:  9    God:
Gold:   21         SH:  0    Dex: 14    Spells: 2/2 levels left

rFire   . . .      SeeInvis .   a - +1 war axe
rCold   . . .      Faith    .   (no shield)
rNeg    . . .      Spirit   .   b - +0 leather armour
rPois   .          Reflect  .   c - +0 helmet
rElec   .          Harm     .   (no cloak)
rCorr   .          Rampage  .   (no gloves)
Will    .....                   (no boots)
Stlth   +.........              (no amulet)
HPRegen 0.09/turn               (no ring)
MPRegen 0.16/turn               (no ring)

@: no status effects
A: thin metallic scales 1, magic regeneration
a: no special abilities


You were on level 1 of the Dungeon.
You visited 1 branch of the dungeon, and saw 1 of its levels.

You collected 21 gold pieces.

Inventory:

Hand Weapons
 a - a +1 war axe (weapon)
Missiles
 d - 3 throwing nets (quivered)
Armour
 b - a +0 leather armour (worn)
 c - a +0 helmet (worn)
Potions
 e - a potion of flight {unknown}
 g - a potion of resistance {unknown}
 h - a potion of invisibility {unknown}


   Skills:
 * Level 2.3 Fighting
 + Level 3.3 Axes
 - Level 1.7 Throwing
 + Level 3.1 Dodging


You had 2 spell levels left.
You didn't know any spells.
Your spell library was empty.

Dungeon Overview and Level Annotations

Branches:
Dungeon (1/15)

Altars:


Innate Abilities, Weirdness & Mutations

You are partially covered in thin metallic scales. (AC +2)
You regenerate magic rapidly.


Message History

The kobold throws a stone.
The stone hits you but does no damage. The rat bites you but does no damage.
You see here a +0 dagger.
You slash the rat!
You kill the rat!
You hit the kobold. The kobold barely misses you.
You barely miss the endoplasm. You slash the kobold!
You kill the kobold!
The endoplasm misses you. The endoplasm freezes you.
You are frozen.
You hit the endoplasm.
The endoplasm is severely wounded.
You slash the endoplasm!
You kill the endoplasm!
The endoplasm freezes you.
You are frozen.
You have reached level 3!
Your experience leads to an increase in your attributes!
Increase (S)trength, (I)ntelligence, or (D)exterity?
You feel stronger.
Your demonic ancestry asserts itself...
Your magic begins to regenerate rapidly.
You hit the endoplasm.
You kill the endoplasm!
Found a dagger.
You see here a rat corpse.
You see here 19 sling bullets.
Things that are here:
a +0 dagger; 3 stones; a kobold corpse You see here a quokka corpse.
You see here a quokka corpse.
You see here 11 stones.
You see here 11 stones.
You see here 13 bolts.
A quokka comes into view.
A quokka is nearby!
A quokka is nearby!
A quokka is nearby!
A quokka is nearby!
Are you sure you want to abandon this character and quit the game? (Confirm with "yes".)

###### #P .....#
.P ...### #.
##.### ##.###
.#...# #PrP.##
.##### ####...#
.### ### ##..##.@#
...# #.###.......#
.#.###.#.........#
......##.........#
##.#.###..########
.....# #...#
##.#.###.#.###
.......#.#>..#
.#.###...###.#


You could see a quokka.

Vanquished Creatures
  2 dart slugs (D:1)
  5 endoplasms (D:1)
  A giant cockroach (D:1)
  A goblin (D:1)
  2 hobgoblins (D:1)
  2 jackals (D:1)
  A quokka (D:1)
  2 ball pythons (D:1)
  A frilled lizard (D:1)
  4 kobolds (D:1)
  2 rats (D:1)
23 creatures vanquished.

Notes
Turn   | Place    | Note
-------+----------+-------------------------------------------
     0 | D:1      | ytrimaz the Demonspawn Gladiator began the quest for the
                  | Orb.
     0 | D:1      | Reached XP level 1. HP: 16/16 MP: 1/1
   115 | D:1      | Gained mutation: You are partially covered in thin metallic
                  | scales. (AC +2) [demonic ancestry]
   115 | D:1      | Reached XP level 2. HP: 17/22 MP: 2/2
   544 | D:1      | Gained mutation: You regenerate magic rapidly. [demonic
                  | ancestry]
   544 | D:1      | Reached XP level 3. HP: 25/28 MP: 3/3
   695 | D:1      | Quit the game

Illustrated notes

Levels and vault maps discovered:
D:1:      roderic_chinese_lattice_arrival, layout_rooms,
          dreamdust_ecumenical_altar_hidden_monk_grotto

Skill      XL: |  1  2 |
---------------+-------+-----
Axes           | 3 |  3.3
Dodging        | 3 |  3.1
Fighting       | |  2.3
Throwing       | |  1.7

Action                   || total
-------------------------++-------
Melee: War axe           ||    42
Throw: Throwing net      ||     1
  Use: Scroll            ||     2
Armor: Leather armour    ||    18
Dodge: Dodged            ||    29

Table legend: (Time is in decaauts)
 A = Elapsed time spent in this place.
 B = Non-inter-level travel time spent in this place.
 C = Inter-level travel time spent in this place.
 D = Time resting spent in this place.
 E = Time spent auto-exploring this place.
 F = Levels seen in this place.
 G = Mean time per level.
                   A        B        C        D        E       F      G
               +--------+--------+--------+--------+--------+-----+--------+
         Total |    709 |    709 |      0 |      0 |    547 |   1 |  709.0 |
       Dungeon |    709 |    709 |      0 |      0 |    547 |   1 |  709.0 |
               +--------+--------+--------+--------+--------+-----+--------+

Top non-repeatable levels by time:
     D:1: 709 daAuts
